[Event "December 19 Early 2023"]
[Site "https://www.chess.com"]
[Date "2023.12.19"]
[Round "3"]
[White "Silva Lucena, Cristian"]
[Black "Klymchuk, Andriy"]
[Result "1/2-1/2"]
[Board "46"]
[TimeControl "180+1"]
[WhiteFideId "2232588"]
[BlackFideId "14140063"]
[WhiteElo "2248"]
[BlackElo "2487"]
[WhiteTeam "ESP"]
[BlackTeam "UKR"]
[WhiteClock "0:00:05"]
[BlackClock "0:00:24"]

1. Nf3 c5 2. e4 g6 3. d4 cxd4 4. Nxd4 Nc6 5. Nc3 Bg7 6. Be3 Nf6 7. Bc4 Qa5 8. O-O d6 9. Bb3 Ng4 10. Nxc6 bxc6 11. Bd2 Qe5 12. g3 Qh5 13. h4 h6 14. Kg2 Rb8 15. Qe2 Ne5 16. Qxh5 gxh5 17. f3 Ba6 18. Rfe1 Nc4 19. Bc1 e6 20. Bxc4 Bxc4 21. Nd1 Rg8 22. Bf4 Kd7 23. c3 a5 24. b3 Ba6 25. e5 d5 26. Nb2 c5 27. c4 Kc6 28. cxd5+ exd5 29. Rac1 Rbc8 30. Na4 Bf8 31. e6 fxe6 32. Rxe6+ Kb7 33. Rd1 d4 34. Rde1 Rc6 35. Rxc6 Kxc6 36. Re6+ Kb7 37. Rb6+ Ka7 38. Bb8+ Ka8 39. Bf4 Ka7 40. Bb8+ Ka8 41. Be5 Ka7 42. Bb8+ 1/2-1/2

[Event "December 19 Early 2023"]
[Site "https://www.chess.com"]
[Date "2023.12.19"]
[Round "3"]
[White "Beerdsen, Thomas"]
[Black "Teterev, Vitaly"]
[Result "1-0"]
[Board "47"]
[TimeControl "180+1"]
[WhiteFideId "1030108"]
[BlackFideId "13501429"]
[WhiteElo "2550"]
[BlackElo "2299"]
[WhiteTeam "NED"]
[BlackTeam "BLR"]
[WhiteClock "0:00:28"]
[BlackClock "0:00:00"]

1. e4 c5 2. Nf3 d6 3. d4 cxd4 4. Nxd4 Nf6 5. Nc3 a6 6. a3 e6 7. g4 b5 8. g5 Nfd7 9. h4 Bb7 10. h5 Nc6 11. Be3 Nce5 12. f4 Nc6 13. Bh3 Nxd4 14. Qxd4 e5 15. Bxd7+ Qxd7 16. fxe5 dxe5 17. Qxe5+ Qe7 18. Qf4 O-O-O 19. O-O Qe6 20. Rad1 Bd6 21. Qf5 Be5 22. Rd3 g6 23. Qxe6+ fxe6 24. h6 Rhf8 25. Rxd8+ Rxd8 26. Rf7 Rd7 27. Rf8+ Kc7 28. Bf4 Kd6 29. Bxe5+ Kxe5 30. Rg8 Bxe4 31. Rg7 Rd2 32. Nxe4 Kxe4 33. Rxh7 Rxc2 34. Rg7 Kf3 35. Rxg6 Kg4 36. h7 1-0

[Event "December 19 Early 2023"]
[Site "https://www.chess.com"]
[Date "2023.12.19"]
[Round "3"]
[White "Kleinman, Michael"]
[Black "Klukin, Kirill"]
[Result "1/2-1/2"]
[Board "48"]
[TimeControl "180+1"]
[WhiteFideId "2609479"]
[BlackFideId "24199273"]
[WhiteElo "2287"]
[BlackElo "2348"]
[WhiteTeam "CAN"]
[BlackTeam "RUS"]
[WhiteClock "0:00:29"]
[BlackClock "0:00:07"]

1. Nf3 c5 2. e4 g6 3. d4 cxd4 4. Nxd4 Bg7 5. c4 Nc6 6. Be3 Nf6 7. Nc3 O-O 8. Be2 d6 9. O-O Bd7 10. Rc1 Nxd4 11. Bxd4 Bc6 12. Bd3 a5 13. b3 Nd7 14. Bxg7 Kxg7 15. Re1 Nc5 16. Bc2 e5 17. Qd2 Qe7 18. Rcd1 Rfd8 19. f4 exf4 20. Qxf4 Qe5 21. Qf3 Ne6 22. Nd5 Rac8 23. Qf2 b5 24. Rf1 Rf8 25. Bd3 bxc4 26. Bxc4 Nc5 27. Kh1 Nxe4 28. Qh4 f5 29. Ne7 Rc7 30. Nxc6 Rxc6 31. Rd5 Qf6 32. Qxf6+ Kxf6 33. Rxa5 Nd2 34. Rc1 Rfc8 35. Rd5 Nxc4 36. Rxc4 Rxc4 37. bxc4 Ke6 38. Rd4 Rc5 39. h4 Ke5 40. Rd2 Rxc4 41. g3 d5 42. Kg2 d4 43. Kf2 Ke4 44. Re2+ Kd3 45. Re7 Rc2+ 46. Kf3 Rxa2 47. Rxh7 Kd2 48. Rh6 Ra6 49. h5 Ra3+ 50. Kf2 gxh5 51. Rxh5 d3 52. Rxf5 Kc2 53. Rd5 d2 54. Ke2 d1=Q+ 55. Rxd1 Rxg3 56. Rd2+ Kc3 57. Rd8 Rg2+ 58. Ke3 Ra2 59. Rc8+ Kb4 60. Kd4 Rd2+ 61. Ke3 Rd7 62. Rc1 Kb5 1/2-1/2

[Event "December 19 Early 2023"]
[Site "https://www.chess.com"]
[Date "2023.12.19"]
[Round "3"]
[White "Khamdamova, Afruza"]
[Black "Durarbayli, Vasif"]
[Result "1/2-1/2"]
[Board "49"]
[TimeControl "180+1"]
[WhiteFideId "14210444"]
[BlackFideId "13402935"]
[WhiteElo "2295"]
[BlackElo "2551"]
[WhiteTeam "UZB"]
[BlackTeam "AZE"]
[WhiteClock "0:00:42"]
[BlackClock "0:00:03"]

1. e4 e5 2. Nf3 Nc6 3. Bb5 a6 4. Ba4 Nf6 5. O-O Be7 6. Re1 b5 7. Bb3 O-O 8. c3 d5 9. exd5 Nxd5 10. Nxe5 Nxe5 11. Rxe5 c6 12. d4 Bd6 13. Re1 Qh4 14. g3 Qh3 15. Be3 Bg4 16. Qd3 Rae8 17. Nd2 f5 18. f4 g5 19. Qf1 Qxf1+ 20. Nxf1 gxf4 21. Bxf4 Bxf4 22. gxf4 Kg7 23. Bxd5 cxd5 24. Re5 Bf3 25. Kf2 Be4 26. Ng3 Kf6 27. Ke3 Rg8 28. a4 b4 29. cxb4 Rc8 30. b5 Rc2 31. bxa6 Rxh2 32. Rg1 Rb8 33. Nxe4+ fxe4 34. Rc1 Rh3+ 35. Kf2 Rxb2+ 36. Kg1 Rg3+ 37. Kh1 Rh3+ 38. Kg1 Rg3+ 39. Kh1 Rh3+ 40. Kg1 1/2-1/2

[Event "December 19 Early 2023"]
[Site "https://www.chess.com"]
[Date "2023.12.19"]
[Round "3"]
[White "Haug, Havard"]
[Black "Asish Panda"]
[Result "1-0"]
[Board "50"]
[TimeControl "180+1"]
[WhiteFideId "1547887"]
[BlackFideId "45012458"]
[WhiteElo "2343"]
[BlackElo "1767"]
[WhiteTeam "NOR"]
[BlackTeam "IND"]
[WhiteClock "0:01:48"]
[BlackClock "0:00:00"]

1. e4 e6 2. d4 d5 3. e5 c5 4. c3 Nc6 5. Nf3 Qb6 6. Bd3 cxd4 7. cxd4 Bd7 8. Bc2 g6 9. O-O Bg7 10. Nc3 Nge7 11. b3 O-O 12. Be3 Nf5 13. Bxf5 gxf5 14. Qd2 f6 15. exf6 Bxf6 16. Ne2 Rac8 17. Nf4 Ne7 18. Nh5 Ng6 19. Bh6 Rf7 20. Nxf6+ Rxf6 21. Qg5 Qd8 22. h4 Rf7 23. h5 Qxg5 24. Nxg5 Nf4 25. Nxf7 Ne2+ 26. Kh2 Kxf7 27. Rfd1 b5 28. Rd2 Nc3 29. f3 b4 30. Bf4 a5 31. a3 bxa3 32. Rxa3 Ra8 33. Be5 a4 34. bxa4 Nb1 35. Rda2 Nxa3 36. Rxa3 Rxa4 37. Rb3 Ra7 38. Rb8 Bc6 39. Rh8 Rb7 40. Rxh7+ Kg8 41. Rh8+ Kf7 42. g4 fxg4 43. fxg4 Rb3 44. g5 1-0

[Event "December 19 Early 2023"]
[Site "https://www.chess.com"]
[Date "2023.12.19"]
[Round "3"]
[White "Cattaneo, Marco"]
[Black "Kezin, Roman"]
[Result "0-1"]
[Board "51"]
[TimeControl "180+1"]
[WhiteFideId "878332"]
[BlackFideId "24124621"]
[WhiteElo "2186"]
[BlackElo "2492"]
[WhiteTeam "ITA"]
[BlackTeam "RUS"]
[WhiteClock "0:00:40"]
[BlackClock "0:01:25"]

1. d4 d5 2. Bf4 Nf6 3. e3 c5 4. c3 Nc6 5. Nd2 g6 6. Bd3 Bg7 7. h3 Qb6 8. Rb1 O-O 9. Ngf3 Nd7 10. O-O e5 11. dxe5 Ndxe5 12. Nxe5 Nxe5 13. Bc2 Be6 14. Nf3 Nxf3+ 15. Qxf3 Rfd8 16. Rfd1 d4 17. exd4 cxd4 18. cxd4 Bxa2 19. Ra1 Bd5 20. Be4 Bxe4 21. Qxe4 Rxd4 22. Be3 Rxe4 23. Bxb6 a6 24. Rd7 Rb4 25. Rxb7 Bd4 26. Ra7 Rxa7 27. Bxa7 Bxa7 28. Rxa6 Bd4 29. Ra2 Rxb2 30. Rxb2 Bxb2 31. g3 Kg7 32. Kg2 Kf6 33. Kf3 Bd4 34. Ke2 Kf5 35. Kf3 Bb6 36. Ke2 Ke4 37. f3+ Kd4 38. Kd2 Bc7 39. g4 Bf4+ 40. Ke2 Kc3 0-1

[Event "December 19 Early 2023"]
[Site "https://www.chess.com"]
[Date "2023.12.19"]
[Round "3"]
[White "Herman, Matthew"]
[Black "Finek, Vaclav"]
[Result "0-1"]
[Board "52"]
[TimeControl "180+1"]
[WhiteFideId "2028964"]
[BlackFideId "23718293"]
[WhiteElo "2368"]
[BlackElo "2309"]
[WhiteTeam "USA"]
[BlackTeam "CZE"]
[WhiteClock "0:00:01"]
[BlackClock "0:01:16"]

1. e4 c5 2. Nf3 g6 3. d4 cxd4 4. Nxd4 Bg7 5. Nc3 Nc6 6. Nb3 Nf6 7. Be3 O-O 8. Qd2 d6 9. O-O-O a5 10. a4 Be6 11. Kb1 Ng4 12. Bg5 Rc8 13. f3 Nge5 14. h4 h5 15. Nd5 Kh7 16. Be2 f5 17. Nf4 Nc4 18. Bxc4 Bxc4 19. exf5 Rxf5 20. g4 Rxf4 21. Qxf4 Qb6 22. gxh5 Bxb3 23. hxg6+ Kh8 24. Qf5 Be6 25. Be3 Qxb2# 0-1

[Event "December 19 Early 2023"]
[Site "https://www.chess.com"]
[Date "2023.12.19"]
[Round "3"]
[White "Yanchenko, Roman"]
[Black "Chojnacki, Slawomir"]
[Result "1-0"]
[Board "53"]
[TimeControl "180+1"]
[WhiteFideId "4137329"]
[BlackFideId "1117076"]
[WhiteElo "2478"]
[BlackElo "2129"]
[WhiteTeam "RUS"]
[BlackTeam "POL"]
[WhiteClock "0:00:10"]
[BlackClock "0:00:18"]

1. d4 c6 2. c4 d5 3. e3 Nf6 4. Nf3 Bg4 5. Qb3 Qb6 6. Ne5 Bh5 7. c5 Qc7 8. f4 e6 9. Bd2 Nbd7 10. Bd3 Bg6 11. Nxg6 hxg6 12. Qc3 g5 13. b4 gxf4 14. exf4 a6 15. Qc1 Ng4 16. h3 f5 17. Be3 Ngf6 18. Nd2 Ne4 19. Nf3 Be7 20. O-O g6 21. a4 Kf7 22. Ne5+ Nxe5 23. fxe5 Kg7 24. b5 axb5 25. axb5 Bh4 26. b6 Qe7 27. Qb2 Bg5 28. Bxg5 Qxg5 29. Qc1 Qg3 30. Rf3 Qh4 31. Ra7 Rab8 32. Rf4 Qg5 33. Bxe4 dxe4 34. Rf1 Qxc1 35. Rxc1 Rhd8 36. Rd1 Rd7 37. Kf2 f4 38. g3 g5 39. h4 Kg6 40. hxg5 Kxg5 41. gxf4+ Kxf4 42. Ke2 Rbd8 43. Rf1+ Kg4 44. Rg1+ Kh4 45. Ke3 Rxd4 46. Rxb7 Rd3+ 47. Kf4 Rh8 48. Rh1+ Rh3 49. Rxh3+ Kxh3 50. Rc7 Rh4+ 51. Ke3 Kg4 52. b7 Rh3+ 53. Kxe4 Rb3 54. Rxc6 Rxb7 55. Rxe6 Rb4+ 56. Kd5 Kf5 57. Rf6+ Kg5 58. Rf1 Rb5 59. e6 Rb1 60. e7 Rxf1 61. e8=Q Rd1+ 62. Kc6 Re1 63. Qxe1 1-0

[Event "December 19 Early 2023"]
[Site "https://www.chess.com"]
[Date "2023.12.19"]
[Round "3"]
[White "Lagarde, Maxime"]
[Black "Shohat, Yotam"]
[Result "1/2-1/2"]
[Board "54"]
[TimeControl "180+1"]
[WhiteFideId "662399"]
[BlackFideId "2813955"]
[WhiteElo "2564"]
[BlackElo "2226"]
[WhiteTeam "FRA"]
[BlackTeam "ISR"]
[WhiteClock "0:00:22"]
[BlackClock "0:00:15"]

1. d4 Nf6 2. c4 e6 3. Nc3 Bb4 4. g3 O-O 5. Bg2 d5 6. Nf3 dxc4 7. O-O Nbd7 8. h4 Rb8 9. Qc2 b6 10. e4 Bxc3 11. bxc3 Bb7 12. Re1 e5 13. Nxe5 Nxe5 14. dxe5 Nd7 15. f4 Nc5 16. Be3 Qd3 17. Qxd3 Nxd3 18. Re2 c5 19. h5 h6 20. Rd2 Rfe8 21. Rad1 f6 22. exf6 gxf6 23. f5 Kg7 24. Bf4 Rbd8 25. e5 Bxg2 26. exf6+ Kxf6 27. Kxg2 Nxf4+ 28. gxf4 Rxd2+ 29. Rxd2 Re3 30. Rd6+ Kxf5 31. Rxh6 Rxc3 32. Rh8 Kxf4 33. h6 Kg5 34. h7 Kg6 35. Ra8 Kxh7 36. Rxa7+ Kg6 37. Rb7 Rc2+ 38. Kf3 Rb2 39. Ke3 c3 40. Kd3 c2 41. Kd2 Kf5 42. a4 Ke4 43. a5 Ra2 44. axb6 Kd4 45. Rd7+ Kc4 46. b7 Rb2 47. Rh7 Kd4 48. Kc1 Rb4 49. Kxc2 Kd5 50. Kc3 Kc6 51. Rh6+ Kxb7 52. Rg6 Kc7 53. Rh6 Rg4 54. Rf6 Rg5 55. Rh6 Rd5 56. Rf6 Rd6 57. Rf5 Kc6 58. Kc4 Rd4+ 59. Kc3 Rd5 60. Rf6+ Kb5 61. Rf8 Rd6 62. Rb8+ Rb6 63. Rxb6+ Kxb6 64. Kc4 Kc6 65. Kc3 Kd5 66. Kd3 c4+ 67. Kc3 Kc5 68. Kc2 Kb4 69. Kb2 c3+ 70. Kc2 Kc4 71. Kc1 Kb3 72. Kb1 c2+ 73. Kc1 Kc3 1/2-1/2

[Event "December 19 Early 2023"]
[Site "https://www.chess.com"]
[Date "2023.12.19"]
[Round "3"]
[White "Garcia Ramos, Daniel"]
[Black "Mesa Cruz, Juan Carlos"]
[Result "1-0"]
[Board "55"]
[TimeControl "180+1"]
[WhiteFideId "32010311"]
[BlackFideId "6423400"]
[WhiteElo "2363"]
[BlackElo "2142"]
[WhiteTeam "ESP"]
[BlackTeam "DOM"]
[WhiteClock "0:02:09"]
[BlackClock "0:01:36"]

1. e4 c5 2. Nf3 d6 3. d4 cxd4 4. Nxd4 Nf6 5. f3 a6 6. c4 e6 7. Nc3 Be7 8. Be3 O-O 9. Qd2 b6 10. Be2 Bb7 11. O-O d5 12. cxd5 exd5 13. e5 Nfd7 14. f4 Nc5 15. Rad1 Ne4 16. Nxe4 dxe4 17. f5 Nc6 18. f6 Nxd4 19. Bxd4 Bc5 20. Qg5 1-0

[Event "December 19 Early 2023"]
[Site "https://www.chess.com"]
[Date "2023.12.19"]
[Round "3"]
[White "Le, Tuan Minh"]
[Black "Vigoa Apecheche, Yanira"]
[Result "1-0"]
[Board "56"]
[TimeControl "180+1"]
[WhiteFideId "12401153"]
[BlackFideId "3507041"]
[WhiteElo "2561"]
[BlackElo "2276"]
[WhiteTeam "VIE"]
[BlackTeam "USA"]
[WhiteClock "0:01:15"]
[BlackClock "0:00:06"]

1. d4 Nf6 2. c4 c5 3. d5 b5 4. Nd2 bxc4 5. e4 d6 6. Bxc4 g6 7. b3 Bg7 8. Bb2 O-O 9. Ngf3 a5 10. O-O Nbd7 11. Qc2 Ba6 12. h3 Nb6 13. Rfe1 Bxc4 14. bxc4 Rb8 15. e5 Ne8 16. Rab1 dxe5 17. Bxe5 Nd6 18. Bxg7 Kxg7 19. Ne5 Rb7 20. Nc6 Qe8 21. Nxa5 Rb8 22. Nc6 Rb7 23. a4 Kg8 24. a5 Nbc8 25. Rxb7 Nxb7 26. Ne4 Qd7 27. a6 Nbd6 28. Nxc5 Qc7 29. Ra1 Na7 30. Qa4 Rc8 31. Nxa7 Qxa7 32. Nb7 Rxc4 33. Qd7 Rc2 34. Rf1 Rxf2 35. Rxf2 Ne4 36. Qc8+ Kg7 37. Qc2 Nxf2 38. Qxf2 Qxa6 39. Qd4+ Kg8 40. Nc5 Qd6 41. Ne4 Qf4 42. d6 exd6 43. Nf6+ 1-0

[Event "December 19 Early 2023"]
[Site "https://www.chess.com"]
[Date "2023.12.19"]
[Round "3"]
[White "Paravyan, David"]
[Black "Zavgorodniy, Sergiy"]
[Result "1-0"]
[Board "57"]
[TimeControl "180+1"]
[WhiteFideId "4194985"]
[BlackFideId "14110148"]
[WhiteElo "2566"]
[BlackElo "2402"]
[WhiteTeam "FID"]
[BlackTeam "UKR"]
[WhiteClock "0:01:39"]
[BlackClock "0:00:50"]

1. e4 e5 2. Nf3 d6 3. d4 exd4 4. Nxd4 Nf6 5. Nc3 Be7 6. Bd3 O-O 7. O-O Re8 8. Re1 c6 9. h3 b5 10. Bf4 a6 11. Qf3 Ra7 12. Rad1 c5 13. Nf5 Bxf5 14. exf5 d5 15. Bxb8 Qxb8 16. Nxd5 Nxd5 17. Qxd5 c4 18. Bf1 Bf6 19. b3 cxb3 20. axb3 h6 21. c4 Rd8 22. Qxd8+ Bxd8 23. Re8+ Kh7 24. Rdxd8 1-0

[Event "December 19 Early 2023"]
[Site "https://www.chess.com"]
[Date "2023.12.19"]
[Round "3"]
[White "Rendle, Thomas E"]
[Black "Kukhmazov, Arsen"]
[Result "0-1"]
[Board "58"]
[TimeControl "180+1"]
[WhiteFideId "408760"]
[BlackFideId "24108260"]
[WhiteElo "2424"]
[BlackElo "2397"]
[WhiteTeam "ENG"]
[BlackTeam "FID"]
[WhiteClock "0:00:00"]
[BlackClock "0:00:04"]

1. d4 d5 2. Nf3 Nf6 3. c4 e6 4. e3 b6 5. Bd3 Bb7 6. O-O Bd6 7. b3 O-O 8. Bb2 Nbd7 9. Nbd2 Qe7 10. a3 Ne4 11. Ne5 Nxd2 12. Qxd2 Bxe5 13. dxe5 Nc5 14. Bc2 dxc4 15. bxc4 Rfd8 16. Qe2 Be4 17. Bxe4 Nxe4 18. Rfd1 h6 19. Rd4 Nc5 20. Rad1 Nb3 21. R4d3 Rxd3 22. Qxd3 Nc5 23. Qd4 a5 24. h3 Qe8 25. Qh4 Kh7 26. Bd4 Qa4 27. Rc1 Qxa3 28. Rf1 Re8 29. f4 Qd3 30. Qg4 g6 31. Bxc5 bxc5 32. Rd1 Qxe3+ 33. Kh1 Rb8 34. Qh4 Qe4 35. Qe7 Qxf4 36. Qxc7 Rb2 37. Qxc5 a4 38. Qa3 Qf2 39. Rg1 Ra2 40. Qc3 Rc2 41. Qd3 Qe2 42. Qd7 Kg7 43. Qxa4 Rxc4 44. Qb5 Re4 45. Qd7 Rxe5 46. Qd4 Qe3 47. Qb2 Qe2 48. Qd4 Qe4 49. Qb2 Kh7 50. Rf1 Rf5 51. Rd1 Qe5 52. Qb7 Qe2 53. Rg1 Kg7 54. Qb4 Rf1 55. Qd4+ e5 0-1

[Event "December 19 Early 2023"]
[Site "https://www.chess.com"]
[Date "2023.12.19"]
[Round "3"]
[White "Ovetchkin, Roman"]
[Black "Abasov, Nijat"]
[Result "1-0"]
[Board "59"]
[TimeControl "180+1"]
[WhiteFideId "4119991"]
[BlackFideId "13402960"]
[WhiteElo "2381"]
[BlackElo "2561"]
[WhiteTeam "RUS"]
[BlackTeam "AZE"]
[WhiteClock "0:00:04"]
[BlackClock "0:00:00"]

1. d4 Nf6 2. c4 e6 3. g3 d5 4. Bg2 dxc4 5. Nf3 Bb4+ 6. Bd2 a5 7. O-O O-O 8. Bg5 b5 9. a4 c6 10. Ne5 Ra6 11. Nc3 Rb6 12. e4 h6 13. Be3 Rb7 14. axb5 cxb5 15. d5 exd5 16. exd5 Bf5 17. d6 Bxc3 18. bxc3 Be4 19. Qd4 Bxg2 20. Kxg2 Re8 21. Rfb1 Nbd7 22. Nc6 Qa8 23. Rxa5 Ra7 24. Rxa7 Qxc6+ 25. Kg1 Ne5 26. Qf4 Nf3+ 27. Kf1 Nxh2+ 28. Ke2 Qd5 29. Rd1 Qh5+ 30. Kd2 Re4 31. d7 Nxd7 32. Qc7 Nf6 33. Kc1 Nf3 34. Rd8+ Kh7 35. Qxf7 Qxf7 36. Rxf7 Kg6 37. Rb7 Ng4 38. Rd6+ Kh7 39. Rdd7 Kg6 40. Rxg7+ Kf6 41. Rbf7+ Ke6 42. Rf4 Rxf4 43. Bxf4 Nxf2 44. Bxh6 Ne4 45. Kb2 Ne1 46. Rg6+ Kf5 47. Rb6 Nd3+ 48. Kc2 Ne1+ 49. Kd1 1-0

[Event "December 19 Early 2023"]
[Site "https://www.chess.com"]
[Date "2023.12.19"]
[Round "3"]
[White "Kovalev, Vladislav"]
[Black "Mendoza, Rodrigo"]
[Result "1/2-1/2"]
[Board "60"]
[TimeControl "180+1"]
[WhiteFideId "13504398"]
[BlackFideId "3301931"]
[WhiteElo "2539"]
[BlackElo "2111"]
[WhiteTeam "FID"]
[BlackTeam "BOL"]
[WhiteClock "0:00:03"]
[BlackClock "0:00:02"]

1. e4 c6 2. Nf3 d5 3. d3 Bg4 4. Nbd2 e6 5. h3 Bxf3 6. Nxf3 Nf6 7. e5 Nfd7 8. d4 c5 9. c4 cxd4 10. cxd5 Qa5+ 11. Bd2 Qxd5 12. Qb3 Qe4+ 13. Kd1 Nc5 14. Bb5+ Nc6 15. Qc4 a6 16. Bxc6+ Qxc6 17. Rc1 Rd8 18. Re1 d3 19. Re3 Be7 20. b4 Qa4+ 21. Ke1 Nd7 22. Rxd3 O-O 23. Qb3 Qxb3 24. axb3 Nb6 25. Rxd8 Rxd8 26. Rc7 Rd7 27. Rc2 h6 28. Ke2 Nd5 29. b5 axb5 30. Nd4 b4 31. Nb5 f6 32. exf6 Bxf6 33. Rc4 Be7 34. Nd4 Kf7 35. Nf3 Bd6 36. Rc8 Rc7 37. Rxc7+ Bxc7 38. Kd3 Bb6 39. Be1 Bc5 40. Ke4 b6 41. Ne5+ Ke7 42. f3 Nf6+ 43. Kd3 Nd5 44. Bd2 g5 45. Kc4 Be3 46. Be1 Kf6 47. Ng4+ Kg6 48. Bxb4 Bf4 49. Be1 h5 50. Nf2 Ne3+ 51. Kd3 Nxg2 52. Bc3 Nh4 53. Ke2 Nf5 54. Nd3 Ng3+ 55. Kf2 Kf5 56. Bd4 h4 57. Bxb6 e5 58. Nxf4 gxf4 59. Bd8 e4 60. Bxh4 e3+ 61. Ke1 Nh5 62. b4 Ke5 63. b5 Kd5 64. Be7 Ng7 65. h4 Nf5 66. Bg5 Kc5 67. Bxf4 Nxh4 68. Bxe3+ Kxb5 69. f4 Kc4 70. Ke2 Kd5 71. Kf2 Ke6 72. Kg3 Ng6 73. Kg4 Nxf4 1/2-1/2

[Event "December 19 Early 2023"]
[Site "https://www.chess.com"]
[Date "2023.12.19"]
[Round "3"]
[White "Xhembulla, Aleksander"]
[Black "Bernadskiy, Vitaliy"]
[Result "0-1"]
[Board "61"]
[TimeControl "180+1"]
[WhiteFideId "4705114"]
[BlackFideId "14100371"]
[WhiteElo "2220"]
[BlackElo "2494"]
[WhiteTeam "ALB"]
[BlackTeam "UKR"]
[WhiteClock "0:00:00"]
[BlackClock "0:00:21"]

1. e4 Nf6 2. e5 Nd5 3. d4 Nb6 4. Nf3 d5 5. exd6 cxd6 6. Be2 g6 7. O-O Bg7 8. Re1 O-O 9. h3 Nc6 10. d5 Nb4 11. c4 Bf5 12. Na3 Rc8 13. Nd4 Bd7 14. Bg5 Re8 15. Bf1 Na4 16. Qd2 a5 17. Nab5 Bxb5 18. cxb5 Qb6 19. Rad1 Nxd5 20. Nf5 gxf5 21. Qxd5 Nxb2 22. Be3 Qd8 23. Rb1 Qd7 24. Qb3 a4 25. Qb4 Bc3 26. Qh4 a3 27. Rec1 Bg7 28. Qb4 Ra8 29. b6 Qa4 30. Qxa4 Nxa4 31. Rc7 Nc3 32. Re1 Nxa2 33. Rxb7 Nb4 34. Rc7 a2 35. b7 Rab8 36. Bd2 Nd5 37. Rd7 a1=Q 38. Rxa1 Bxa1 39. Ba5 Bc3 40. Bxc3 Nxc3 41. Bc4 d5 42. Bb3 e6 43. Rc7 Nb5 44. Rd7 Nd6 45. Rxd6 Rxb7 46. Bc2 Kf8 47. Bd3 Rc8 48. Ra6 Ke7 49. Kh2 Rc3 50. Be2 Rb2 51. Bh5 Rc7 52. Kg3 Rd7 53. Ra8 d4 54. Rh8 d3 55. Rxh7 Kf8 56. Rh8+ Kg7 57. Rc8 d2 0-1

[Event "December 19 Early 2023"]
[Site "https://www.chess.com"]
[Date "2023.12.19"]
[Round "3"]
[White "Alexandre, Anne Shopie Elizabeth"]
[Black "Ezat, Mohamed"]
[Result "1-0"]
[Board "62"]
[TimeControl "180+1"]
[WhiteFideId "11902418"]
[BlackFideId "10600906"]
[WhiteElo "2826"]
[BlackElo "2367"]
[WhiteTeam "HAI"]
[BlackTeam "EGY"]
[WhiteClock "0:00:05"]
[BlackClock "0:00:00"]

1. e4 e5 2. Nf3 Nc6 3. Bc4 Nf6 4. Ng5 d5 5. exd5 Na5 6. Bb5+ c6 7. dxc6 bxc6 8. Bd3 Be7 9. O-O O-O 10. Nc3 h6 11. Nf3 Bd6 12. Be2 e4 13. Ne1 Qc7 14. g3 Bh3 15. Ng2 Rad8 16. d4 exd3 17. cxd3 Rfe8 18. Re1 Bc5 19. Be3 Nb7 20. d4 Bb4 21. Nf4 Bf5 22. a3 Bxc3 23. bxc3 Nd6 24. Bd3 Nd5 25. Nxd5 cxd5 26. Bxf5 Nxf5 27. Qd3 Qd7 28. Rad1 Re7 29. c4 dxc4 30. Qxc4 Rde8 31. Qb3 Re4 32. Qd3 h5 33. d5 h4 34. Kg2 h3+ 35. Kf1 Qb7 36. Bd2 Rxe1+ 37. Rxe1 Rxe1+ 38. Bxe1 Ne7 39. d6 Qg2+ 40. Ke2 Nc6 41. d7 Qxh2 42. Qd5 Qg2 43. Qxc6 Qxc6 44. d8=Q+ Kh7 45. Qh4+ Kg8 46. Qxh3 Qc4+ 47. Ke3 Qc5+ 48. Kf3 Qd5+ 49. Ke2 Qc4+ 50. Kd2 Qd4+ 51. Kc1 Qa1+ 52. Kd2 Qd4+ 53. Kc2 Qe4+ 54. Kd1 Qb1+ 55. Ke2 Qb5+ 56. Kf3 Qd5+ 57. Kf4 Qd4+ 58. Kf3 Qd1+ 59. Kg2 Qxe1 60. Qc8+ Kh7 61. Qc2+ g6 62. Qc7 Qe4+ 63. Kh2 Qf5 64. f4 Qd3 65. Qxf7+ Kh6 66. Qf8+ Kh5 67. Qh8+ Kg4 68. Qc8+ Kf3 69. Qb7+ Kg4 70. Qg2 Qe3 71. Qh3+ Kf3 72. Qg2+ Kg4 73. a4 Qe6 74. Qh3+ Kf3 75. Qxe6 Kf2 76. Qxg6 Kf1 77. f5 Kf2 78. f6 1-0

[Event "December 19 Early 2023"]
[Site "https://www.chess.com"]
[Date "2023.12.19"]
[Round "3"]
[White "Sychev, Klementy"]
[Black "Kavyev, Ruslan"]
[Result "1/2-1/2"]
[Board "63"]
[TimeControl "180+1"]
[WhiteFideId "4114060"]
[BlackFideId "34110981"]
[WhiteElo "2583"]
[BlackElo "2336"]
[WhiteTeam "FID"]
[BlackTeam "RUS"]
[WhiteClock "0:01:37"]
[BlackClock "0:01:11"]

1. e4 d5 2. exd5 Nf6 3. Nf3 Bg4 4. Be2 Nxd5 5. d4 e6 6. h3 Bh5 7. O-O Be7 8. c4 Nf6 9. Nc3 c6 10. Qb3 Qb6 11. Be3 Nbd7 12. Rfd1 O-O 13. Ne5 Bxe2 14. Nxe2 Rfd8 15. Nc3 Qxb3 16. axb3 Nxe5 17. dxe5 Nd7 18. f4 Bc5 19. Kf2 Kf8 20. Ne4 Bxe3+ 21. Kxe3 Ke7 22. Nd6 b6 23. Rd2 Nc5 24. Ra3 a5 25. Rd4 1/2-1/2

[Event "December 19 Early 2023"]
[Site "https://www.chess.com"]
[Date "2023.12.19"]
[Round "3"]
[White "Yeremyan, Alen"]
[Black "Ozates, Tuna"]
[Result "1-0"]
[Board "64"]
[TimeControl "180+1"]
[WhiteFideId "13308998"]
[BlackFideId "6354521"]
[WhiteElo "2160"]
[BlackElo "2151"]
[WhiteTeam "ARM"]
[BlackTeam "TUR"]
[WhiteClock "0:01:01"]
[BlackClock "0:00:00"]

1. e4 d6 2. Nc3 c5 3. f4 g6 4. Nf3 Bg7 5. Bc4 e6 6. O-O Ne7 7. d3 O-O 8. a4 Nbc6 9. Ba2 Nd4 10. Nxd4 cxd4 11. Ne2 f5 12. Ng3 Kh8 13. exf5 gxf5 14. Nh5 Ng6 15. Nxg7 Kxg7 16. Qe2 e5 17. Bd5 Rb8 18. Bd2 a6 19. a5 b5 20. Rae1 Bb7 21. Be6 e4 22. dxe4 Bxe4 23. Qf2 Qf6 24. Bb3 Nh4 25. Re2 Bxg2 26. Qg3+ Kh8 27. Re6 Qd8 28. Rh6 Bxf1 29. Kxf1 Rb7 30. Qxh4 Qe8 31. Re6 Qc6 32. Be1 Qh1+ 33. Ke2 Qg2+ 34. Bf2 Rg7 35. Kd2 Rg4 36. Re2 Rxh4 37. Bxd4+ Qg7 38. Bxg7+ Kxg7 39. Re7+ Kg6 40. Ra7 Rxh2+ 41. Kc3 h5 42. Rxa6 h4 43. Rxd6+ Rf6 44. Rd8 Rh1 45. Rh8 h3 46. Bd5 Rh2 47. Bb7 Kg7 48. Rh4 Rh6 49. Rxh6 Kxh6 50. a6 Rg2 51. a7 1-0

[Event "December 19 Early 2023"]
[Site "https://www.chess.com"]
[Date "2023.12.19"]
[Round "3"]
[White "Ghevondyan, Arman"]
[Black "Samunenkov, Ihor"]
[Result "0-1"]
[Board "65"]
[TimeControl "180+1"]
[WhiteFideId "13312073"]
[BlackFideId "14187086"]
[WhiteElo "2176"]
[BlackElo "2473"]
[WhiteTeam "ARM"]
[BlackTeam "UKR"]
[WhiteClock "0:00:06"]
[BlackClock "0:00:07"]

1. Nf3 d5 2. g3 c5 3. Bg2 Nc6 4. d4 Nf6 5. O-O e6 6. c4 dxc4 7. Qa4 Bd7 8. Qxc4 b5 9. Qd3 c4 10. Qd1 Rc8 11. a3 Be7 12. Nc3 a6 13. e4 Na5 14. Be3 O-O 15. d5 exd5 16. exd5 Bd6 17. Qc2 Re8 18. Rad1 Qc7 19. Nd4 Ng4 20. Bg5 Ne5 21. Nf5 Nd3 22. Nxd6 Qxd6 23. Be4 h6 24. Be3 Bh3 25. Rfe1 Nxe1 26. Rxe1 Nb3 27. Rd1 Nc5 28. Bh7+ Kh8 29. Bf4 Qe7 30. Be3 Rcd8 31. Bf5 Bxf5 32. Qxf5 Nb7 33. Bd4 Nd6 34. Qf4 Kh7 35. Bc5 Qf6 36. Qd2 Qf5 37. Be3 Rd7 38. Bc5 Ne4 39. Nxe4 Qxe4 40. Be3 Red8 41. Re1 Rxd5 42. Qe2 Qd3 43. Qf3 Qf5 44. Qe2 Re8 45. Qf1 Rde5 46. Rd1 Rd5 47. Re1 Qg4 48. Qg2 Rd1 49. Qf1 Rxe1 50. Qxe1 Rd8 51. Kg2 Qd1 52. Qc3 Qd5+ 53. Kg1 Qf3 54. Bd2 Qxc3 55. Bxc3 Kg6 56. Ba5 Rd1+ 57. Kg2 Kf5 58. Bc3 g6 59. Kf3 Rd3+ 60. Ke2 Ke4 61. h3 h5 62. h4 Rd7 63. f3+ Kf5 64. Ke3 Rd3+ 65. Ke2 Ke6 66. Kf2 f5 67. Ke2 Kd5 68. Bg7 Kc6 69. Bh6 a5 70. Bg7 b4 71. axb4 axb4 72. Bf6 Kb5 73. Be5 Ka4 74. Kf2 Kb3 75. Ke2 Rd5 76. f4 c3 77. bxc3 bxc3 0-1